Map: 16-Bit LE

Players

GameOfDrones

  • Race: Protoss Protoss
  • League: Gold
  • Spawn Location: 7:00

A.I. 2 (Very Easy) - Winner!

  • Race: Terran Terran
  • Spawn Location: 1:00

VOD

Have the link to the VOD?

Description

Time

  • Played on: March 17, 2021, 1:29 p.m.
  • Length: 7:15
Show
View Real Time Build Order
Export as new Build Order

GameOfDrones Protoss 

Build Orders:  

Get SALT Encoding   

  12  0:02  Probe  
  13  0:14  Probe  
  14  0:26  Pylon  
  14  0:30  Probe  
  15  0:44  Probe (Chrono Boost)  
  15  0:48  Gateway  
  16  0:53  Assimilator  
  16  0:56  Probe (Chrono Boost)  
  17  1:05  Probe (Chrono Boost)  
  17  1:10  Probe  
  19  1:23  Probe  
  20  1:30  Pylon  
  20  1:35  Probe  
  21  1:46  Nexus  
  21  1:55  Pylon  
  21  1:59  Probe  
  21  2:10  Cybernetics Core  
  21  2:22  Assimilator  
  21  2:25  Probe (Chrono Boost)  
  21  2:26  Gateway  
  23  2:37  Probe (Chrono Boost)  
  23  2:45  Probe (Chrono Boost)  
  24  2:52  Probe (Chrono Boost)  
  24  2:55  Warp Gate  
  24  2:56  Pylon  
  24  2:58  Stalker  
  27  3:01  Probe (Chrono Boost)  
  27  3:04  Probe (Chrono Boost)  
  29  3:11  Probe (Chrono Boost)  
  29  3:20  Stalker, Robotics Facility  
  30  3:25  Probe x2 (Chrono Boost)  
  35  3:37  Probe (Chrono Boost)  
  35  3:39  Probe (Chrono Boost)  
  36  3:42  Shield Battery  
  36  3:46  Probe  
  37  3:50  Probe  
  37  3:54  Twilight Council  
  38  3:58  Probe  
  38  4:02  Probe  
  40  4:09  Immortal (Chrono Boost)  
  40  4:10  Probe  
  40  4:14  Probe  
  46  4:27  Stalker  
  46  4:28  Stalker  
  50  4:36  Charge  
  50  4:41  Warp Prism  
  52  4:49  Gateway  
  52  4:51  Gateway  
  52  4:59  Pylon  
  52  5:03  Pylon  
  52  5:09  Gateway  
  52  5:12  Gateway  
  52  5:14  Zealot, Gateway  
  52  5:17  Observer  
  55  5:28  Zealot  
  57  5:44  Pylon  
  57  5:47  Zealot x3  
  63  6:22  Zealot x4  
  63  6:23  Zealot x3  
Show
View Real Time Build Order
Export as new Build Order

A.I. 2 (Very Easy) Terran - Winner!

Build Orders:  

Get SALT Encoding   

  12  0:00  SCV  
  13  0:13  SCV  
  14  0:20  Supply Depot  
  14  0:37  Refinery  
  14  0:46  Barracks  
  14  1:06  Supply Depot  
  14  1:13  Refinery  
  14  1:32  SCV  
  15  1:33  Marine  
  16  1:44  SCV  
  17  1:56  SCV  
  18  2:06  Marine  
  19  2:09  SCV  
  20  2:21  SCV  
  21  2:33  SCV  
  22  2:39  Marine  
  23  2:46  Orbital Command  
  23  5:50  Marine, SCV  
  23  5:53  Supply Depot  
  23  5:55  Factory  
  25  6:13  SCV  
  25  6:17  Supply Depot  
  23  6:22  Barracks Tech Lab  
  23  6:25  SCV  
  24  6:37  SCV  
  11  6:49  SCV  
Tags
 
League
Gold
Matchup
PvT
Spawn Locations
Cross Positions
Add a new tag
Caveats
  • Supply blocks, unpowered buildings, or Contaminate may cause inaccurate times.
  • Supply counts are checked every 10 seconds.